 Dungeon Crawl Stone Soup version 0.29-a0-914-g906f1d757c (webtiles) character file.

Game seed: 6614668540532524524

6426 Alarak the Destroyer (level 10, -11/50 HPs)
             Began as a Deep Elf Conjurer on July 26, 2022.
             Was a Priest of Vehumet.
             Hit by a javelin thrown by Urug (25 damage)
             ... on level 11 of the Dungeon on July 27, 2022.
             The game lasted 01:03:17 (12775 turns).

Alarak the Destroyer (Deep Elf Conjurer)           Turns: 12775, Time: 01:03:22

Health: -11/50     AC: 12    Str:  4    XL:     10   Next: 67%
Magic:  20/26      EV: 17    Int: 28    God:    Vehumet [***...]
Gold:   938        SH:  5    Dex: 13    Spells: 18/29 levels left

rFire   . . .      SeeInvis .   l - staff of air
rCold   . . .      Faith    .   (no shield)
rNeg    . . .      Spirit   .   N - +1 acid dragon scales
rPois   .          Reflect  +   (no helmet)
rElec   +          Harm     .   d - +0 cloak
rCorr   +          Rampage  .   (no gloves)
Will    +....                   (no boots)
Stlth   ++........              t - amulet of reflection
HPRegen 0.16/turn               K - +4 ring of protection
MPRegen 0.20/turn               w - +4 ring of evasion

@: no status effects
A: no striking features
a: Renounce Religion


You were on level 11 of the Dungeon.
You worshipped Vehumet.
Vehumet was most pleased with you.
You visited 2 branches of the dungeon, and saw 12 of its levels.
You also visited: Sewer and Ossuary.

You collected 938 gold pieces.

Inventory:

Hand Weapons
 q - a +1 short sword of freezing
 Q - a +2 dagger of speed
Armour
 a - a +0 robe
 d - a +0 cloak (worn)
 N - +1 acid dragon scales (worn)
Magical Staves
 f - a staff of death
 l - a staff of air (weapon)
Jewellery
 e - a +6 ring of dexterity
 o - a ring of ice
 t - an amulet of reflection (around neck)
 w - a +4 ring of evasion (right hand)
 K - a +4 ring of protection (left hand)
 P - a ring of see invisible
Wands
 F - a wand of digging (9)
 I - a wand of polymorph (10)
 J - a wand of flame (46)
 L - a wand of roots (13)
Scrolls
 c - 2 scrolls of amnesia
 g - 10 scrolls of teleportation
 i - a scroll of silence
 j - 5 scrolls of blinking
 u - a scroll of enchant weapon
 v - 2 scrolls of enchant armour
 C - 3 scrolls of magic mapping
 D - 2 scrolls of vulnerability
 E - a scroll of butterflies
 M - a scroll of fear
Potions
 b - a potion of magic
 h - 5 potions of degeneration
 k - a potion of resistance
 m - 2 potions of brilliance
 n - 6 potions of curing
 p - 6 potions of mutation
 r - 3 potions of lignification
 s - 3 potions of might
 z - 6 potions of haste {unknown}
 A - 2 potions of invisibility {unknown}
 G - a potion of cancellation {unknown}
 H - 2 potions of flight {unknown}
 O - 2 potions of heal wounds {unknown}


   Skills:
 - Level 9.0 Dodging
 - Level 2.4 Stealth
 - Level 10.1 Spellcasting
 + Level 10.4 Conjurations
 - Level 10.1 Hexes
 - Level 5.2 Translocations


You had 18 spell levels left.
You knew the following spells:

 Your Spells              Type           Power      Damage    Failure   Level
a - Magic Dart            Conj           100%       1d8       1%          1
b - Searing Ray           Conj           100%       2d8       1%          2
c - Fulminant Prism       Conj/Hex       32%        3d16      1%          4
d - Iskenderun's Mystic   Conj/Tloc      55%        2d12      1%          4

Your spell library contained the following spells:

 Spells                   Type           Power      Damage    Failure   Level
 Inner Flame              Hex/Fire       42%        N/A       1%          3
 Conjure Flame            Conj/Fire      43%        6-21      1%          3
 Dazzling Flash           Conj/Hex       100%       N/A       1%          3
 Summon Guardian Golem    Hex/Summ       42%        N/A       3%          3
 Sticky Flame             Conj/Fire      43%        2d6       3%          4
 Ignite Poison            Fire/Tmut/Pois 14%        N/A       8%          3
 Summon Small Mammal      Summ           56%        N/A       10%         1
 Call Canine Familiar     Summ           14%        N/A       28%         3


Dungeon Overview and Level Annotations

Branches:
Dungeon (11/15)            Temple (1/1) D:5           Sewer (visited)
Ossuary (visited)
   Lair: D:8-11         Orc: D:9-12

Altars:
Ashenzari
Cheibriados
Dithmenos
Elyvilon
Fedhas
Gozag
Hepliaklqana
Kikubaaqudgha
Makhleb
Nemelex Xobeh
Okawaru
Qazlal
Ru
Sif Muna
Trog
Uskayaw
Vehumet
Wu Jian
Xom
Yredelemnul
Zin
The Shining One

Shops:
D:4 *(?*

Annotations:
D:11 Urug


Message History

The centaur warrior zombie is knocked back by the mystic blast.
The centaur warrior zombie slams into the rock wall!
The centaur warrior zombie is moderately damaged.
The mystic blast hits the centaur warrior zombie!!
The centaur warrior zombie is severely damaged.
The centaur warrior zombie is knocked back by the mystic blast.
The centaur warrior zombie collides with the centaur warrior zombie!
The centaur warrior zombie is lightly damaged.
The centaur warrior zombie is almost destroyed.
The mystic blast hits Urug!
Urug is moderately wounded.
Urug is knocked back by the mystic blast.
The mystic blast hits the shadow!
The shadow is heavily damaged.
The shadow is knocked back by the mystic blast.
Casting: Iskenderun's Mystic Blast (dangerous; 1% risk of failure)
Confirm with . or Enter, or press ? or * to list all spells.
You erupt in a blast of force!
The mystic blast hits the orc!
You kill the orc!
Vehumet accepts your kill.
You feel your power returning.
The mystic blast hits the centaur warrior zombie!!
The centaur warrior zombie is heavily damaged.
The centaur warrior zombie is knocked back by the mystic blast.
The centaur warrior zombie slams into the rock wall!
The centaur warrior zombie is heavily damaged.
The mystic blast hits the centaur warrior zombie!
The centaur warrior zombie is almost destroyed.
The centaur warrior zombie is knocked back by the mystic blast.
The cyclops throws a large rock.
The large rock barely misses you.
Urug throws a javelin.
The javelin pierces through you!
* * * LOW HITPOINT WARNING * * *
The javelin pierces through the orc warrior!
The centaur warrior zombie hits you but does no damage.
You block the centaur warrior zombie's attack.
The centaur warrior zombie misses you.
The centaur warrior zombie kicks you but does no damage.
Urug throws a javelin.
The javelin pierces through you!!
Ouch! That really hurt!
You die...

###############
...........>>>.
...............
...............
...............
.........W.....
......)W......#
....o..@o).....
..#...ZZZ....##
##C........#
#.....###..#
......## [o.
....... ..
....... .
.......


You could see Urug, a cyclops, a wraith, 2 orc warriors, a shadow and 3 centaur
warrior zombies.

Vanquished Creatures
  A two-headed ogre (D:9)
  A kobold demonologist (D:9)
  Maggie (D:7)
  2 shadows (D:10)
  A vampire (D:9)
  A wyvern (D:7)
  2 wraiths
  3 steam dragons
  6 yaks (D:8)
  A water moccasin (D:8)
  6 orc warriors
  2 ice beasts
  2 ogres
  A centaur (D:10)
  2 phantoms (D:5)
  2 kobold brigands (D:9)
  An elf zombie (Ossuary)
  12 killer bees
  9 orc priests
  2 hounds
  4 jellies
  2 gnoll boudas
  6 orc wizards
  2 mummies (Ossuary)
  4 adders
  7 gnolls
  3 river rats (Sewer)
  A shadow imp (D:6)
  3 white imps
  2 ufetubi
  3 worms
  3 dart slugs (D:1)
  43 orcs
  11 ball pythons
  5 bats
  24 endoplasms
  7 giant cockroaches
  3 gnoll zombies (Ossuary)
  4 goblins
  6 hobgoblins
  14 jackals
  3 quokkas
  9 frilled lizards
  4 goblin zombies (Ossuary)
  3 hobgoblin zombies (Ossuary)
  17 kobolds
  3 orc zombies (Ossuary)
  7 rats
261 creatures vanquished.

Vanquished Creatures (collateral kills)
  Grinder (D:6)
  An orc priest (D:3)
  An adder (D:3)
  An orc (D:3)
4 creatures vanquished.

Vanquished Creatures (others)
  An orc (D:11)
  68 fulminant prisms
  4 plants
73 creatures vanquished.

Grand Total: 338 creatures vanquished

Notes
Turn   | Place    | Note
-------+----------+-------------------------------------------
     0 | D:1      | Alarak the Deep Elf Conjurer began the quest for the Orb.
     0 | D:1      | Reached XP level 1. HP: 10/10 MP: 6/6
   209 | D:1      | Reached XP level 2. HP: 15/15 MP: 5/8
   374 | D:1      | Learned a level 2 spell: Searing Ray
   894 | D:1      | Reached XP level 3. HP: 14/19 MP: 8/11
  1058 | D:1      | Upgraded the game from 0.29-a0-911-g88e6f02907 to
                  | 0.29-a0-914-g906f1d757c
  1189 | D:1      | Reached skill level 5 in Spellcasting
  1920 | D:2      | Found a faded altar of an unknown god.
  2288 | D:2      | Reached skill level 5 in Conjurations
  2560 | D:2      | Reached XP level 4. HP: 24/24 MP: 9/13
  2647 | D:2      | Learned a level 4 spell: Fulminant Prism
  2981 | D:3      | Reached skill level 1 in Hexes
  3284 | D:3      | Reached XP level 5. HP: 28/28 MP: 8/14
  3847 | D:4      | You fall into a shaft and drop 3 floors!
  3851 | D:6      | Noticed Grinder
  3854 | D:5      | Entered Level 5 of the Dungeon
  4140 | D:4      | Reached skill level 5 in Hexes
  4148 | D:4      | Reached XP level 6. HP: 21/32 MP: 4/15
  4307 | D:4      | Found a glowing drain.
  4395 | Sewer    | Entered a sewer
  4950 | Sewer    | Found a shimmering altar of Xom.
  5088 | D:4      | Found a basalt altar of Yredelemnul.
  5348 | D:4      | Found Udwuepurch's Assorted Antiques.
  5351 | D:4      | Found Iptet's Magic Scroll Emporium.
  5351 | D:4      | Found Cas Koz's Weapon Emporium.
  5358 | D:4      | Found Siorphu's General Store.
  5610 | D:5      | Reached XP level 7. HP: 31/36 MP: 10/19
  5829 | D:5      | Found a staircase to the Ecumenical Temple.
  5849 | Temple   | Entered the Ecumenical Temple
  5985 | Temple   | Became a worshipper of Vehumet
  6224 | D:5      | Learned a level 4 spell: Iskenderun's Mystic Blast
  6388 | D:5      | Found an ornate altar of the Wu Jian Council.
  6391 | D:5      | Found a sacrificial altar of Ru.
  6399 | D:5      | Found a bloodstained altar of Trog.
  6557 | D:6      | Paralysed by Grinder for 4 turns
  6565 | D:6      | Killed Grinder
  6971 | D:6      | Reached XP level 8. HP: 41/41 MP: 13/20
  7623 | D:7      | Noticed Maggie
  7668 | D:7      | Killed Maggie
  8417 | D:7      | Reached skill level 5 in Translocations
  8638 | D:8      | Found a sand-covered staircase.
  8643 | D:8      | Reached skill level 5 in Dodging
  8643 | D:8      | Reached XP level 9. HP: 45/45 MP: 15/24
  8740 | Ossuary  | Entered an ossuary
  8824 | Ossuary  | Reached * piety under Vehumet
  8824 | Ossuary  | Offered knowledge of Foxfire by Vehumet.
  9270 | D:8      | Reached skill level 10 in Spellcasting
  9286 | D:8      | Reached ** piety under Vehumet
  9286 | D:8      | Offered knowledge of Poisonous Vapours by Vehumet.
  9775 | D:9      | Reached XP level 10. HP: 50/50 MP: 16/26
 10273 | D:9      | Offered knowledge of Inner Flame by Vehumet.
 10367 | D:9      | Reached *** piety under Vehumet
 10573 | D:9      | Found a blossoming altar of Fedhas.
 10576 | D:9      | Identified the +1 scale mail "Fophuh" {Contam rElec rF+++
                  | Stlth-}
 10654 | D:9      | Noticed a two-headed ogre
 10665 | D:9      | Killed a two-headed ogre
 10904 | D:9      | Reached skill level 10 in Hexes
 11285 | D:10     | Entered Level 10 of the Dungeon
 11943 | D:10     | Found a shimmering altar of Xom.
 11955 | D:10     | Reached skill level 10 in Conjurations
 12458 | D:11     | Noticed Urug
 12532 | D:11     | Noticed a cyclops
 12775 | D:11     | Hit by a javelin thrown by Urug

Illustrated notes

Levels and vault maps discovered:
D:1:      nzn_arrival_depleted_hourglass, layout_loops_ring,
          kennysheep_pointless_box, minmay_distorted
D:2:      minmay_chambers_of_ones, layout_basic,
          chequers_ecumenical_altar_island
D:3:      layout_basic, supply_closet_lemuel, serial_bayou_crossing
D:4:      layout_loops_ring, old_standard_altar, gup_sewer_entry_pipe,
          minmay_shop_grid_forest
D:5:      layout_basic, gammafunk_temple_overflow_forgotten,
          minmay_temple_entry_statues_fountains
D:6:      layout_loops_ring, uniq_grinder
D:7:      layout_basic, uniq_maggie
D:8:      cheibrodos_steamvent, layout_cave_pools, enter_ossuary_1
D:9:      layout_roguey [special_room_orc], fedhas_ov_isle_minmay
D:10:     layout_loops_ring, mainiacjoe_overflow_six_doors_small,
          amcnicky_mini_pool_small
D:11:     layout_big_octagon, lair_entry_dummy, david_orc_4, serial_undead,
          serial_undead_b, serial_undead_a, serial_undead_e, serial_undead_c,
          serial_undead_c, serial_undead_f, serial_undead_b, serial_undead_f,
          uniq_sonja, uniq_urug
Temple:   nicolae_temple_superstar

Skill      XL: |  1  2  3  4  5  6  7  8  9 10 |
---------------+-------------------------------+-----
Spellcasting   | 4 5 6 9 10 | 10.1
Conjurations   | 5 8 10 | 10.4
Hexes          | 3 5 6 10 | 10.1
Translocations | 5 |  5.2
Dodging        | 5 9 |  9.0
Stealth        | |  2.4

Action                   |  1- 3 |  4- 6 |  7- 9 | 10-12 || total
-------------------------+-------+-------+-------+-------++-------
Melee: Mace              |     5 |       |       |       ||     5
       Unarmed           |     3 |       |       |       ||     3
       Staff             |       |    20 |    14 |     1 ||    35
 Cast: Magic Dart        |    87 |   138 |    53 |    79 ||   357
       Searing Ray       |     7 |     3 |    20 |     6 ||    36
       Fulminant Prism   |       |     5 |    31 |    34 ||    70
       Iskenderun's Myst |       |       |     6 |    10 ||    16
  Use: Scroll            |       |     6 |     1 |    15 ||    22
Armor: Robe              |     5 |     3 |     1 |       ||     9
       Acid dragon scale |       |       |     7 |    12 ||    19
Dodge: Dodged            |    11 |    21 |    24 |    29 ||    85
Block: Other             |       |     6 |     7 |    10 ||    23
       Reflection        |       |       |       |     3 ||     3

Table legend: (Time is in decaauts)
 A = Elapsed time spent in this place.
 B = Non-inter-level travel time spent in this place.
 C = Inter-level travel time spent in this place.
 D = Time resting spent in this place.
 E = Time spent auto-exploring this place.
 F = Levels seen in this place.
 G = Mean time per level.
                   A        B        C        D        E       F      G
               +--------+--------+--------+--------+--------+-----+--------+
         Total |  12827 |  12008 |    819 |   3009 |   7590 |  14 |  916.2 |
       Dungeon |  11712 |  10914 |    798 |   2559 |   7168 |  11 | 1064.7 |
        Temple |    145 |    124 |     21 |      0 |    108 |   1 |  145.0 |
         Sewer |    657 |    657 |      0 |    279 |    242 |   1 |  657.0 |
       Ossuary |    311 |    311 |      0 |    171 |     72 |   1 |  311.0 |
               +--------+--------+--------+--------+--------+-----+--------+

Top non-repeatable levels by time:
     D:1: 1719 daAuts
    D:10: 1459 daAuts
     D:9: 1266 daAuts
     D:2: 1248 daAuts
     D:7: 1201 daAuts
     D:4: 1095 daAuts
     D:8: 1011 daAuts
     D:6: 989 daAuts
     D:5: 892 daAuts
     D:3: 809 daAuts
   Sewer: 657 daAuts
 Ossuary: 311 daAuts
  Temple: 145 daAuts
    D:11: 19 daAuts
